 Dungeon Crawl Stone Soup version 0.23.2-33-g5129a83184 (webtiles) character file.

Game seed: 12419284929844042966

3172 stazo the Fighter (level 9, -3/85 HPs)
             Began as a Minotaur Fighter on Aug 5, 2019.
             Was an Initiate of Okawaru.
             Slain by a crocodile (7 damage)
             ... while petrified by a basilisk
             ... on level 7 of the Dungeon.
             The game lasted 00:39:24 (8321 turns).

stazo the Fighter (Minotaur Fighter)                Turns: 8321, Time: 00:39:25

Health: -3/85      AC: 10    Str: 24    XL:     9   Next: 63%
Magic:  8/8        EV:  2    Int: 10    God:    Okawaru [......]
Gold:   304        SH:  0    Dex: 10    Spells: 8/8 levels left

rFire    . . .     SeeInvis .   a - +1 war axe
rCold    . . .     Gourm    .   c - +0 shield
rNeg     + + +     Faith    .   b - +0 scale mail
rPois    ∞         Spirit   .   (helmet restricted)
rElec    .         Reflect  .   (no cloak)
rCorr    +         Harm     .   u - +1 pair of gloves (curse)
MR       .....                  (no boots)
Stlth    ..........             (no amulet)
HPRegen  0.24/turn              v - ring of poison resistance
MPRegen  0.11/turn              H - ring of resist corrosion

@: brilliant, petrified
A: retaliatory headbutt, horns 2
a: Renounce Religion


You were on level 7 of the Dungeon.
You worshipped Okawaru.
Okawaru was noncommittal.
You were not hungry.

You visited 2 branches of the dungeon, and saw 9 of its levels.

You collected 304 gold pieces.

Inventory:

Hand Weapons
 a - a +1 war axe (weapon)
 n - a +0 shortbow
 t - a +1 hand axe of electrocution
 x - a +2 flail of protection
 y - a +2 hand axe of freezing
 E - a +0 battleaxe
Missiles
 j - 249 stones (quivered)
 o - 70 arrows
Armour
 b - a +0 scale mail (worn)
 c - a +0 shield (worn)
 u - a cursed +1 pair of gloves (worn)
Jewellery
 v - a ring of poison resistance (left hand)
 B - an uncursed amulet of rage
 H - a ring of resist corrosion (right hand)
Wands
 l - a wand of polymorph (6)
 r - a wand of iceblast (5)
 C - a wand of acid (6)
 D - a wand of random effects (17)
Scrolls
 g - 4 scrolls of enchant armour
 i - 3 scrolls of identify
 k - a scroll of teleportation
 q - a scroll of blinking
 w - a scroll of fog
 G - a scroll of magic mapping
Potions
 d - 2 potions of haste
 e - 6 potions of agility
 h - 3 potions of resistance
 m - a potion of heal wounds {unknown}
 s - 2 potions of curing
 z - 3 potions of flight
 A - a potion of invisibility {unknown}
 F - a potion of ambrosia {unknown}
Comestibles
 f - 12 rations


   Skills:
 * Level 10.1 Fighting
 * Level 9.7 Axes
 + Level 7.5 Armour
 + Level 7.5 Shields


You had 8 spell levels left.
You didn't know any spells.
Your spell library contained the following spells:

 Spells                   Type           Power        Failure   Level  Hunger
 Magic Dart               Conj           #...         22%         1    ##.....
 Blink                    Tloc           N/A          30%         2    ###....
 Call Imp                 Summ           #.......     30%         2    ###....
 Slow                     Hex            #.......     30%         2    ###....
 Conjure Flame            Conj/Fire      #.......     50%         3    ####...
 Mephitic Cloud           Conj/Pois/Air  #.......     50%         3    ####...


Dungeon Overview and Level Annotations

Branches:
Dungeon (8/15)             Temple (1/1) D:7            Lair (0/6) D:8

Altars:
Ashenzari
Cheibriados
Dithmenos
Elyvilon
Hepliaklqana
Makhleb
Okawaru
Qazlal
Ru
Sif Muna
Uskayaw
Vehumet
Xom
Zin

Shops:
D:5 (   D:6 :!

Annotations:
D:6 2 transporters, raetorn's ghost, novice FoFi


Innate Abilities, Weirdness & Mutations

You reflexively headbutt those who attack you in melee.
You have a pair of horns on your head.


Message History

The crocodile bites you but does no damage.
The basilisk bites you. The crocodile bites you.
* * * LOW HITPOINT WARNING * * *
The basilisk bites you!
* * * LOW HITPOINT WARNING * * *
The crocodile bites you.
* * * LOW HITPOINT WARNING * * *
The basilisk barely misses you. The crocodile bites you.
* * * LOW HITPOINT WARNING * * *
The basilisk bites you but does no damage.
The crocodile bites you but does no damage.
The basilisk barely misses you. The crocodile bites you!
* * * LOW HITPOINT WARNING * * *
The basilisk bites you!
* * * LOW HITPOINT WARNING * * *
The crocodile bites you!
You die...

#..# #.# #. #.?#
#.# ######. #..#
#.# #.....< #..#
#.# #.#####
#.######.###.#
#............#
#^...###.##.##
#t##.# #.#.#.##
#@##.# #..###.#
#l##.# ###.#.##
#.##.# ##.##
#.##.# #.# #.##.#
#.# #.##.# #.# ###
#.##.######.####.#
#.##..............
#.#####.....####.#


You could see a basilisk and a crocodile.

Vanquished Creatures
  Pikel (D:6)
  Grinder (D:3)
  3 yaks (D:7)
  Edmund (D:6)
  An ice beast (D:6)
  An orc warrior (D:7)
  An ogre (D:5)
  2 black bears (D:7)
  A phantom (D:6)
  2 centaurs
  A big kobold (D:7)
  4 bullfrogs
  3 scorpions
  3 killer bees (D:8)
  A hound (D:5)
  2 orc priests (D:3)
  4 orc wizards
  2 bullfrog skeletons
  Ijyb (D:4)
  2 iguanas (D:7)
  3 worker ants
  3 adders
  9 river rats (D:5)
  An ooze (D:3)
  2 adder zombies
  2 adder skeletons
  2 worms (D:2)
  6 dart slugs
  6 leopard geckos
  21 orcs
  2 ball pythons
  3 giant cockroaches
  15 goblins
  6 hobgoblins
  11 jackals
  8 quokkas
  11 bats
  3 frilled lizards
  A giant cockroach zombie (D:5)
  6 kobolds
  A leopard gecko zombie (D:6)
  A quokka skeleton (D:5)
  19 rats
179 creatures vanquished.

Vanquished Creatures (others)
  An adder (D:2)
  2 orcs (D:6)
  7 plants
10 creatures vanquished.

Grand Total: 189 creatures vanquished

Notes
Turn   | Place    | Note
-------+----------+-------------------------------------------
     0 | D:1      | stazo the Minotaur Fighter began the quest for the Orb.
     0 | D:1      | Reached XP level 1. HP: 19/19 MP: 0/0
   101 | D:1      | Reached XP level 2. HP: 23/27 MP: 1/1
   152 | D:1      | Reached skill level 4 in Fighting
   686 | D:2      | Reached XP level 3. HP: 31/33 MP: 2/2
   822 | D:2      | Noticed a centaur
   830 | D:2      | Killed a centaur
   830 | D:2      | Reached XP level 4. HP: 16/41 MP: 3/3
  1295 | D:2      | Reached skill level 5 in Fighting
  1295 | D:2      | Reached XP level 5. HP: 48/48 MP: 4/4
  1518 | D:2      | Found a faded altar of an unknown god.
  2122 | D:3      | Noticed Grinder
  2128 | D:3      | Paralysed by Grinder for 5 turns
  2145 | D:3      | Paralysed by Grinder for 7 turns
  2155 | D:3      | Killed Grinder
  2155 | D:3      | Reached skill level 6 in Fighting
  2155 | D:3      | Reached skill level 5 in Axes
  2155 | D:3      | Reached skill level 5 in Shields
  2155 | D:3      | Reached XP level 6. HP: 14/57 MP: 5/5
  3044 | D:4      | Reached skill level 5 in Armour
  3181 | D:4      | Found a burning altar of Makhleb.
  3301 | D:4      | Noticed Ijyb
  3310 | D:4      | Reached XP level 7. HP: 63/63 MP: 6/6
  3322 | D:4      | Killed Ijyb
  3983 | D:5      | Entered Level 5 of the Dungeon
  4534 | D:5      | Reached skill level 7 in Fighting
  5042 | D:5      | Found Guxu's Weapon Shop.
  5198 | D:5      | Found a shattered altar of Ashenzari.
  5370 | D:6      | Found Peukhlo's Book Boutique.
  5385 | D:6      | Noticed Edmund
  5395 | D:6      | Reached XP level 8. HP: 62/73 MP: 7/7
  5406 | D:6      | Killed Edmund
  5540 | D:6      | Found a transporter.
  5542 | D:6      | Found a transporter.
  5542 | D:6      | Noticed raetorn's ghost (novice FoFi)
  5548 | D:6      | Reached skill level 8 in Fighting
  5615 | D:6      | Found Juasuf's Distillery.
  5638 | D:6      | Noticed Pikel
  5679 | D:6      | Killed Pikel
  5784 | D:6      | Found a shadowy altar of Dithmenos.
  6213 | D:7      | Reached skill level 9 in Fighting
  6227 | D:7      | Reached XP level 9. HP: 82/83 MP: 8/8
  7002 | D:7      | Found a staircase to the Ecumenical Temple.
  7018 | Temple   | Entered the Ecumenical Temple
  7074 | Temple   | Became a worshipper of Warmaster Okawaru
  7507 | D:8      | Reached skill level 10 in Fighting
  7929 | D:8      | Found a hazy altar of Hepliaklqana.
  7948 | D:8      | Found a staircase to the Lair.
  7948 | D:8      | Noticed a death yak
  8320 | D:7      | HP: 4/85 [basilisk (3)]
  8321 | D:7      | Slain by a crocodile

Skill      XL: |  1  2  3  4  5  6  7  8  9 |
---------------+----------------------------+-----
Fighting       | 4 5 6 7 9 10 | 10.1
Axes           | 3 4 5 6 8 9 |  9.7
Armour         | 4 5 6 7 |  7.5
Shields        | 4 5 6 7 |  7.5

Action                   |  1- 3 |  4- 6 |  7- 9 || total
-------------------------+-------+-------+-------++-------
Melee: War axe           |    68 |    98 |   308 ||   474
       Headbutt          |    12 |    22 |    58 ||    92
  Use: Scroll            |       |     8 |     9 ||    17
       Potion            |       |     2 |     3 ||     5
  Eat: Chunk             |       |     8 |    11 ||    19
       Ration            |       |       |     2 ||     2
Armor: Scale mail        |    45 |    30 |    98 ||   173
Dodge: Dodged            |    18 |    25 |    84 ||   127
Block: Shield            |    49 |    38 |   143 ||   230
